 Dungeon Crawl Stone Soup version 0.27-a0-1347-gd8886f0a89 (webtiles) character file.

Game seed: 7127891786456713639

3229 porpoise the Cleaver (level 9, -7/83 HPs)
             Began as a Minotaur Berserker on June 28, 2021.
             Was a Priest of Trog.
             Mangled by Harold (17 damage)
             ... on level 8 of the Dungeon.
             The game lasted 00:18:34 (8833 turns).

porpoise the Cleaver (Minotaur Berserker)           Turns: 8833, Time: 00:18:35

Health: -7/83      AC: 14    Str: 23    XL:     9   Next: 66%
Magic:  8/8        EV:  9    Int:  4    God:    Trog [***...]
Gold:   442        SH:  5    Dex: 12    Spells: 8/8 levels left

rFire    . . .     SeeInvis .   a - +1 hand axe
rCold    . . .     Faith    .   (no shield)
rNeg     . . .     Spirit   .   j - +0 chain mail
rPois    .         Reflect  +   R - +1 hat
rElec    .         Harm     .   Q - +0 cloak {Will+}
rCorr    .         Rampage  .   (no gloves)
Will     +++..                  n - +0 pair of boots
Stlth    ..........             v - amulet of reflection
HPRegen  0.23/turn              o - ring of willpower
MPRegen  0.11/turn              y - ring of willpower

@: mighty, on berserk cooldown, slowed, invisible, very slow
A: horns 2, retaliatory headbutt
a: Renounce Religion, Berserk, Trog's Hand


You were on level 8 of the Dungeon.
You worshipped Trog.
Trog was most pleased with you.
You visited 1 branch of the dungeon, and saw 8 of its levels.

You collected 442 gold pieces.

Inventory:

Hand Weapons
 a - a +1 hand axe (weapon)
 b - a +0 hand crossbow
 U - a +0 hunting sling
Missiles
 g - 182 stones
 l - 50 sling bullets
 p - 68 bolts
 r - 6 javelins (quivered)
 B - 93 arrows
 T - 67 poisoned darts
Armour
 j - a +0 chain mail (worn)
 n - a +0 pair of boots (worn)
 Q - a +0 cloak of willpower (worn)
 R - a +1 hat (worn)
Jewellery
 o - a ring of willpower (left hand)
 v - an amulet of reflection (around neck)
 y - a ring of willpower (right hand)
Wands
 f - a wand of paralysis (13)
 x - a wand of iceblast (6)
 J - a wand of digging (6)
 L - a wand of flame (19)
 P - a wand of mindburst (5)
Scrolls
 c - 3 scrolls of enchant weapon
 d - a scroll of teleportation
 i - a scroll of vulnerability
 m - a scroll of acquirement {unknown}
 q - a scroll of torment {unknown}
 t - a scroll of noise {unknown}
 u - a scroll of immolation
 w - a scroll of fog {unknown}
 z - a scroll of enchant armour {unknown}
 E - a scroll of brand weapon {unknown}
 G - a scroll of identify
 H - a scroll of magic mapping {unknown}
 K - a scroll of blinking {unknown}
 O - a scroll of fear {unknown}
 S - a scroll of amnesia {unknown}
Potions
 e - 3 potions of attraction
 h - a potion of lignification
 k - a potion of invisibility
 s - 2 potions of might
 A - a potion of ambrosia
 C - a potion of curing
 D - a potion of resistance {unknown}
 F - a potion of haste {unknown}
 I - a potion of berserk rage {unknown}
 M - a potion of mutation {unknown}
 N - 2 potions of heal wounds {unknown}


   Skills:
 - Level 9.0 Fighting
 + Level 12.6 Axes
 - Level 7.0 Armour
 - Level 2.3 Dodging


You had 8 spell levels left.
You didn't know any spells.
Your spell library was empty.

Dungeon Overview and Level Annotations

Branches:
Dungeon (8/15)             Temple (0/1) D:7
   Lair: D:8-11

Altars:
Ashenzari
Fedhas
Okawaru
Qazlal
Ru
Sif Muna
Uskayaw
Xom
The Shining One

Annotations:
D:8 Harold


Innate Abilities, Weirdness & Mutations

You have a pair of horns on your head.
You reflexively headbutt those who attack you in melee.


Message History

You feel your anger nearly subside.
You are no longer berserk.
You pass out from exhaustion.
You feel yourself slow down. Harold hits you but does no damage.
Space bends around you.
You can move again.
You hit Harold.
Harold is lightly wounded.
Harold hits you with a +4 flail of distortion.
Space warps horribly around you!
You barely miss Harold.
Harold is lightly wounded.
Harold barely misses you. You furiously retaliate!
You headbutt Harold.
Unknown command.
You hit Harold.
Harold is lightly wounded.
Harold says happily, "The price on your head will fill my nest egg nicely!"
Harold hits you but does no damage.
You blink.
Harold closely misses you. You furiously retaliate!
You headbutt Harold!
Harold hits you with a +4 flail of distortion.
Space bends around you.
You hit Harold but do no damage. Your headbutt misses Harold.
Harold is moderately wounded.
Harold hits you with a +4 flail of distortion!
You hit Harold but do no damage.
Harold is moderately wounded.
You block Harold's attack.
You feel very mighty all of a sudden. Harold gestures at you while chanting.
You resist with some effort.
Harold hits you with a +4 flail of distortion!
Space warps horribly around you.
* * * LOW HITPOINT WARNING * * *
Your chain mail prevents you from hitting Harold.
Harold is moderately wounded.
Harold completely misses you.
You fade into invisibility!
Harold hits you with a +4 flail of distortion!
* * * LOW HITPOINT WARNING * * *
Space warps horribly around you!
You die...

#.#######..##.##
##!##............
#................
#.......##.##.##.
#.......###.#.#
#.#.....# #..#
#####.......# #..
#.##.(.........# .##
#.....@@..###..#####.#
####.###..............
#. ##.###..#####.. .(
...# #..# .#. #####
#..# #.#. ...# # ##
##..# #..# #..#


You could see Harold.

Vanquished Creatures
  Maurice (D:8)
  Maggie (D:8)
  A wraith (D:8)
  A steam dragon (D:7)
  4 water moccasins
  Duvessa (D:7)
  An ice beast (D:7)
  A hornet zombie (D:3)
  3 necrophages
  A black bear (D:4)
  2 ogres (D:5)
  A centaur (D:8)
  A kobold brigand (D:8)
  A gnoll sergeant (D:8)
  Dowan (D:7)
  A water moccasin zombie (D:6)
  An electric eel (D:6)
  3 centaur zombies
  3 hounds
  2 orc priests
  2 gnoll shamans
  4 iguanas
  A killer bee zombie (D:8)
  14 gnolls
  A howler monkey skeleton (D:4)
  7 adders
  An adder skeleton (D:5)
  2 dart slugs (D:4)
  15 orcs
  9 ball pythons
  6 bats
  5 endoplasms
  A giant cockroach (D:4)
  7 goblins
  8 hobgoblins
  11 jackals
  2 quokkas
  2 frilled lizards (D:1)
  15 kobolds
  3 rats
147 creatures vanquished.

Notes
Turn   | Place    | Note
-------+----------+-------------------------------------------
     0 | D:1      | porpoise the Minotaur Berserker began the quest for the
                  | Orb.
     0 | D:1      | Reached XP level 1. HP: 19/19 MP: 0/0
   129 | D:1      | Reached XP level 2. HP: 27/27 MP: 1/1
   168 | D:1      | Reached skill level 4 in Axes
   412 | D:1      | Reached XP level 3. HP: 33/34 MP: 2/2
   419 | D:1      | Reached ** piety under Trog
   725 | D:1      | Found a faded altar of an unknown god.
  1224 | D:2      | Reached XP level 4. HP: 41/41 MP: 3/3
  1226 | D:2      | Reached skill level 5 in Fighting
  1226 | D:2      | Reached skill level 5 in Axes
  1449 | D:2      | Identified the Volume of Lethal Snow
  2189 | D:3      | Reached XP level 5. HP: 42/50 MP: 4/4
  2504 | D:3      | Reached skill level 6 in Axes
  3030 | D:3      | Found a glowing golden altar of the Shining One.
  3256 | D:3      | Found a blossoming altar of Fedhas.
  3371 | D:4      | Reached XP level 6. HP: 57/57 MP: 5/5
  3615 | D:4      | Found a hide-covered altar of Uskayaw.
  3712 | D:4      | Reached *** piety under Trog
  3883 | D:4      | Reached skill level 7 in Axes
  3985 | D:4      | Found a shimmering blue altar of Sif Muna.
  4024 | D:4      | Found a shimmering altar of Xom.
  4025 | D:4      | Found a sacrificial altar of Ru.
  4074 | D:4      | Reached XP level 7. HP: 66/66 MP: 6/6
  4170 | D:4      | Found a broken altar of Ashenzari.
  4357 | D:5      | Entered Level 5 of the Dungeon
  4443 | D:5      | Found a stormy altar of Qazlal.
  4443 | D:5      | Noticed a water elemental
  4447 | D:5      | Noticed an air elemental
  4480 | D:5      | Noticed a fire elemental
  4765 | D:5      | Reached skill level 8 in Axes
  5989 | D:6      | Reached XP level 8. HP: 77/77 MP: 7/7
  6008 | D:6      | Reached skill level 9 in Axes
  6661 | D:7      | Noticed Dowan
  6662 | D:7      | Noticed Duvessa
  6673 | D:7      | Killed Duvessa
  6675 | D:7      | Killed Dowan
  6748 | D:7      | Reached skill level 10 in Axes
  6748 | D:7      | Reached skill level 5 in Armour
  7527 | D:7      | Found an iron altar of Okawaru.
  7530 | D:7      | Found a staircase to the Ecumenical Temple.
  8116 | D:7      | Reached XP level 9. HP: 83/83 MP: 8/8
  8515 | D:8      | Noticed Maurice
  8527 | D:8      | Killed Maurice
  8528 | D:8      | Reached skill level 11 in Axes
  8585 | D:8      | Noticed Maggie
  8598 | D:8      | Killed Maggie
  8599 | D:8      | Reached skill level 12 in Axes
  8816 | D:8      | Noticed Harold
  8833 | D:8      | Mangled by Harold

Illustrated notes

Levels and vault maps discovered:
D:1:      heliophobic_arrival_dark_side_of_the_moon, layout_basic,
          chequers_ecumenical_altar_twisty
D:2:      layout_loops_ring
D:3:      layout_loops_corners, overflow_temple_1_default, lemuel_tele_altar
D:4:      layout_gridville, marbit_many_paths, kennysheep_orc_sif_temple,
          lemuel_crystal_altar, gammafunk_temple_overflow_pools
D:5:      layout_basic, nicolae_qazlal_style_of_elements
D:6:      layout_gridville, nrook_pool_corridor
D:7:      layout_basic, kennysheep_mini_moat, minmay_temple_entry_butterflies,
          minmay_fractal_squares_gapless_5, uniq_duvessa
D:8:      layout_loops_ring, uniq_pikel, uniq_maggie, uniq_harold, uniq_maurice

Skill      XL: |  1  2  3  4  5  6  7  8  9 |
---------------+----------------------------+-----
Fighting       | 4 5 6 7 8 9 |  9.0
Axes           | 4 5 6 7 8 10 12 | 12.6
Armour         | 6 7 |  7.0
Dodging        | |  2.3

Action                   |  1- 3 |  4- 6 |  7- 9 || total
-------------------------+-------+-------+-------++-------
Melee: Hand axe          |    69 |   120 |   225 ||   414
       Headbutt          |    12 |    17 |    45 ||    74
 Fire: Hand crossbow     |       |       |     3 ||     3
Throw: Dart              |       |     5 |    12 ||    17
       Javelin           |       |       |     6 ||     6
Invok: Berserk           |     1 |     3 |     7 ||    11
Evoke: Wand              |       |       |     3 ||     3
  Use: Scroll            |       |     4 |     6 ||    10
       Potion            |       |       |     2 ||     2
Armor: Animal skin       |     4 |       |       ||     4
       Ring mail         |    18 |       |       ||    18
       Chain mail        |       |    54 |    70 ||   124
Dodge: Dodged            |    38 |    36 |    50 ||   124
Block: Other             |       |       |    29 ||    29
       Reflection        |       |       |     1 ||     1

Table legend: (Time is in decaauts)
 A = Elapsed time spent in this place.
 B = Non-inter-level travel time spent in this place.
 C = Inter-level travel time spent in this place.
 D = Time resting spent in this place.
 E = Time spent auto-exploring this place.
 F = Levels seen in this place.
 G = Mean time per level.
                   A        B        C        D        E       F      G
               +--------+--------+--------+--------+--------+-----+--------+
         Total |   8894 |   8696 |    198 |   3339 |   4069 |   8 | 1111.8 |
       Dungeon |   8894 |   8696 |    198 |   3339 |   4069 |   8 | 1111.8 |
               +--------+--------+--------+--------+--------+-----+--------+

Top non-repeatable levels by time:
     D:7: 1715 daAuts
     D:5: 1417 daAuts
     D:2: 1253 daAuts
     D:3: 1233 daAuts
     D:4: 1013 daAuts
     D:1: 906 daAuts
     D:6: 835 daAuts
     D:8: 519 daAuts
